 Dungeon Crawl Stone Soup version 0.32-a0-683-ge26c5dbc97 (webtiles) character file.

Game seed: 10457307929222933361

52 Revguard the Grasshopper (level 3, 0/18 HPs)
             Began as a Vine Stalker Warper on Mar 12, 2024.
             Succumbed to an adder's poison
             ... on level 2 of the Dungeon.
             The game lasted 00:02:51 (884 turns).

Revguard the Grasshopper (Vine Stalker Warper)       Turns: 884, Time: 00:02:51

Health: 0/18       AC:  3    Str: 13    XL:     3   Next: 85%
Magic:  2/7        EV: 12    Int: 13    God:
Gold:   44         SH:  0    Dex: 15    Spells: 6/6 levels left

rFire   . . .        a - +0 short sword
rCold   . . .        (no shield)
rNeg    . . .        b - +0 leather armour
rPois   .            (no helmet)
rElec   .            (no cloak)
rCorr   .            (no gloves)
SInv    .            (no boots)
Will    .....        (no amulet)
Stlth   ++           (no ring)
HPRegen 1.03/turn    (no ring)
MPRegen 0.10/turn

%: guardian spirit
@: lethally poisoned (0 -> -7), attractive
A: fangs 2, regeneration 1, magic shield, antimagic bite, no potion heal 2
a: no special abilities


You were on level 2 of the Dungeon.
You visited 1 branch of the dungeon, and saw 2 of its levels.

You collected 44 gold pieces.

Inventory:

Hand Weapons
 a - a +0 short sword (weapon)
Missiles
 d - 7 darts of dispersal (quivered)
Armour
 b - a +0 leather armour (worn)
Scrolls
 f - a scroll of enchant weapon {unknown}
 h - a scroll of torment {unknown}
 j - a scroll of identify {unknown}
 k - a scroll of teleportation {unknown}
Potions
 e - a potion of attraction
 g - a potion of mutation {unknown}
 i - a potion of invisibility {unknown}


   Skills:
 + Level 2.0 Fighting
 * Level 2.4 Short Blades
 - Level 0.8 Throwing
 + Level 1.2 Armour
 + Level 1.8 Dodging
 + Level 1.1 Stealth
 + Level 2.4 Spellcasting
 + Level 3.1 Translocations
 + Level 0.5 Evocations


You had 6 spell levels left.
You didn't know any spells.
Your spell library contained the following spells:

 Spells                   Type           Power      Damage    Failure   Level
 Blink                    Tloc           18%        N/A       13%         2
 Lesser Beckoning         Tloc           18%        N/A       13%         2
 Teleport Other           Tloc           9%         N/A       26%         3
 Ensorcelled Hibernation  Hex/Ice        2%         N/A       43%         2
 Manifold Assault         Tloc           9%         N/A       63%         4
 Fugue of the Fallen      Necr           1%         N/A       67%         3
 Vhi's Electric Charge    Tloc/Air       10%        N/A       85%         4
 Anguish                  Hex/Necr       0%         N/A       97%         4


Dungeon Overview and Level Annotations

Branches:
Dungeon (2/15)

Altars:


Innate Abilities, Weirdness & Mutations

You have extremely sharp teeth.
Your natural rate of healing is unusually fast.
When hurt, damage is shared between your health and your magic reserves.
Your bite disrupts and absorbs the magic of your enemies.
Potions cannot restore your health.


Message History

Magic restored.
You open the door.
There is an open door here.
An adder comes into view.
The adder hisses angrily.
The adder misses you. The adder bites you.
You are poisoned.
The adder poisons you!
You closely miss the adder.
You feel sick. The adder bites you but does no damage.
You barely miss the adder. The adder bites you.
You are more poisoned.
The adder poisons you!
You hit the adder.
The adder is moderately wounded.
You feel sick. The adder barely misses you.
You hit the adder. Your bite misses the adder.
The adder is heavily wounded.
You feel sick. The adder bites you.
You are more poisoned.
The adder poisons you!
You closely miss the adder.
The adder is heavily wounded.
You feel very sick. The adder completely misses you.
You closely miss the adder. Your bite misses the adder.
The adder is heavily wounded.
You feel sick. The adder bites you. x2
You are more poisoned.
The adder poisons you!
You hit the adder but do no damage.
The adder is heavily wounded.
* * * LOW HITPOINT WARNING * * *
You feel sick. The adder bites you.
* * * LOW HITPOINT WARNING * * *
You are more poisoned.
The adder poisons you!
It was a potion of attraction.
You feel attractive to monsters.
You die...

############
#..........#
#..........#
#..........#
####..........#
#.............#
#@##..........#
#....S.##..........####
#...#..#######'#.......
....
..[###.....#.###### .#.
.##...#.#####.# ..
.....#......##.###### .
## #..#..#...##...<##.
...#...............
...............###.


You could see an adder.

Vanquished Creatures
  An adder (D:2)
  A dart slug (D:1)
  5 endoplasms
  3 giant cockroaches (D:1)
  4 goblins (D:1)
  3 hobgoblins (D:1)
  2 jackals (D:1)
  A quokka (D:1)
  5 ball pythons
  3 bats (D:1)
  5 frilled lizards
  3 kobolds (D:1)
  3 rats (D:1)
39 creatures vanquished.

Notes
Turn   | Place    | Note
-------+----------+-------------------------------------------
     0 | D:1      | Revguard the Vine Stalker Warper began the quest for the
                  | Orb.
     0 | D:1      | Reached XP level 1. HP: 11/11 MP: 4/4
    28 | D:1      | Found a faded altar of an unknown god.
    65 | D:1      | Reached XP level 2. HP: 15/15 MP: 4/6
   133 | D:1      | Reached skill level 1 in Armour
   286 | D:1      | Reached XP level 3. HP: 18/18 MP: 5/7
   364 | D:1      | Reached skill level 1 in Stealth
   884 | D:2      | Succumbed to an adder's poison

Illustrated notes

Levels and vault maps discovered:
D:1:      lightli_arrival_noodles, layout_basic,
          chequers_ecumenical_altar_island, minivault_27
D:2:      layout_basic, serial_shops, shop, shop, shop, uniq_crazy_yiuf_cottage,
          uniq_sigmund, uniq_terence

Skill      XL: |  1  2  3 |
---------------+----------+-----
Short Blades   | 2 |  2.4
Armour         | 1 |  1.2
Fighting       | 2 |  2.0
Stealth        | 1 |  1.1
Throwing       | |  0.8
Dodging        | |  1.8
Spellcasting   | |  2.4
Translocations | |  3.1
Evocations     | |  0.5

Action                     || total
---------------------------++-------
  Melee: Short sword       ||   136
         Bite              ||    28
    Use: Scroll            ||     1
         Potion            ||     1
   Stab: Sleeping          ||     1
 Armour: Leather armour    ||   111
  Dodge: Dodged            ||    75

Table legend: (Time is in decaauts)
 A = Elapsed time spent in this place.
 B = Non-inter-level travel time spent in this place.
 C = Inter-level travel time spent in this place.
 D = Time resting spent in this place.
 E = Time spent auto-exploring this place.
 F = Levels seen in this place.
 G = Mean time per level.
                   A        B        C        D        E       F      G
               +--------+--------+--------+--------+--------+-----+--------+
         Total |    873 |    850 |     23 |     13 |    563 |   2 |  436.5 |
       Dungeon |    873 |    850 |     23 |     13 |    563 |   2 |  436.5 |
               +--------+--------+--------+--------+--------+-----+--------+

Top non-repeatable levels by time:
     D:1: 725 daAuts
     D:2: 147 daAuts
